 Dungeon Sprint DCSS version 0.30-a0-777-ga9a30cbeda (webtiles) character file.

Game seed: 3168450176912883508

0 sircluck the Trooper (level 1, 0/20 HPs)
             Began as a Hill Orc Fighter on Feb 13, 2023.
             Slain by a wolf (9 damage)
             ... in the Dungeon (Sprint VII: "The Pits").
             The game lasted 00:00:31 (117 turns).

sircluck the Trooper (Hill Orc Fighter)              Turns: 117, Time: 00:00:32

Health: 0/20       AC:  6    Str: 18    XL:     1   Next: 10%
Magic:  1/1        EV:  9    Int:  8    God:
Gold:   0          SH:  4    Dex: 10    Spells: 0/0 levels left

rFire   . . .      SeeInvis .    a - +0 war axe
rCold   . . .      Faith    .    c - +0 buckler
rNeg    . . .      Spirit   .    b - +0 scale mail
rPois   .          Reflect  .    (no helmet)
rElec   .          Harm     .    (no cloak)
rCorr   .          Rampage  .    (no gloves)
Will    .....      NoTele   +    (no boots) Stlth
                                 (no amulet)
HPRegen 0.23/turn                (no ring)
MPRegen 0.07/turn                (no ring)

@: no status effects
A: no striking features
a: no special abilities


You were in the Dungeon.
You visited 1 branch

Inventory:

Hand Weapons
 a - a +0 war axe (weapon)
 m - a +2 vampiric hand axe
Missiles
 l - 10 stones (quivered)
Armour
 b - a +0 scale mail (worn)
 c - a +0 buckler (worn)
Scrolls
 j - a scroll of blinking
 n - 5 scrolls of amnesia
 o - a scroll of butterflies
Potions
 d - a potion of might
 e - a potion of curing
 g - a potion of haste
 h - 4 potions of magic
 i - 3 potions of berserk rage
 k - 2 potions of invisibility


   Skills:
 + Level 3.8 Fighting
 + Level 2.7 Axes
 + Level 3.4 Armour
 + Level 3.4 Shields


You couldn't memorise any spells.
You didn't know any spells.
Your spell library was empty.

Dungeon Overview and Level Annotations

Branches:
Dungeon (1/1)

Altars:
Ashenzari
Cheibriados
Dithmenos
Elyvilon
Fedhas
Gozag
Hepliaklqana
Kikubaaqudgha
Makhleb
Nemelex Xobeh
Okawaru
Qazlal
Ru
Sif Muna
Trog
Uskayaw
Vehumet
Wu Jian
Xom
Yredelemnul
Zin
The Shining One
Beogh
Jiyva
Lugonu

Annotations:
D Dowan, Duvessa


Message History

You see here a +2 mace.
Things that are here:
a +2 quarterstaff; a +2 trident
There is an open door here.
n - 5 scrolls of amnesia;
o - a scroll of butterflies You see here 2 scrolls of vulnerability.
There is an open door here.
Things that are here:
a +2 quarterstaff; a +2 trident You see here a +2 mace.
Things that are here:
a +2 falchion; a +2 dagger
There is an open door here.
You open the door.
There is an open door here.
You open the door.
An ogre, Dowan and a wolf come into view.
Dowan shouts!
The wolf howls!
Dowan moves out of view.
Duvessa, Sister of Dowan comes into view.
She is wielding a +0 short sword.
There is an open door here.
A wight comes into view. It is wielding a +0 spear.
A wight comes into view. It is wielding a +0 great sword.
Duvessa moves out of view.
You close the door.
An ogre opens the door.
Dowan says, "Magic and the sword, together, will defeat you."
Dowan says, "My weaknesses are her strengths!"
The wolf bites you!
You closely miss the wolf. The wolf bites you. x2
An iron imp comes into view.
The wolf attacks as you move away! The wolf closely misses you.
You block the wolf's attack. The wolf attacks as you move away!
The wolf closely misses you.
Dowan mumbles some strange words.
Dowan blinks!
You feel much better. The wolf bites you. The wolf barely misses you.
You barely miss the wolf. The wolf bites you.
The wolf bites you but does no damage. The wolf bites you!
You die...

#_________.#
#_______...#######
##########'##.....
#.?..')))'.##.....
##########.##.....
#..........†'.....
#'#####+#####.....
#.# #..... #@#
####'# #h# #.....
#O# #..... #z#
#..... #.# #...<.
#.# #..... #e#
#..... #'# #.....
#.....O.# ######


You could see an ogre, Dowan, a wolf and a wight.

Vanquished Creatures
  A frilled lizard (D)
1 creature vanquished.

Notes
Turn   | Place    | Note
-------+----------+-------------------------------------------
     0 | D        | sircluck the Hill Orc Fighter began the quest for the Orb.
     0 | D        | Reached XP level 1. HP: 19/19 MP: 1/1
    54 | D        | Found a bloodstained altar of Trog.
    54 | D        | Found a shimmering blue altar of Sif Muna.
    54 | D        | Found a viscous altar of Jiyva.
    54 | D        | Found a hazy altar of Hepliaklqana.
    54 | D        | Found an opulent altar of Gozag.
    55 | D        | Found a glowing golden altar of the Shining One.
    55 | D        | Found a glowing silver altar of Zin.
    55 | D        | Found a basalt altar of Yredelemnul.
    55 | D        | Found a shimmering altar of Xom.
    55 | D        | Found an ornate altar of the Wu Jian Council.
    55 | D        | Found a sacrificial altar of Ru.
    55 | D        | Found a stormy altar of Qazlal.
    55 | D        | Found an iron altar of Okawaru.
    55 | D        | Found a sparkling altar of Nemelex Xobeh.
    55 | D        | Found a burning altar of Makhleb.
    55 | D        | Found a blossoming altar of Fedhas.
    55 | D        | Found a white marble altar of Elyvilon.
    55 | D        | Found a shadowy altar of Dithmenos.
    55 | D        | Found a snail-covered altar of Cheibriados.
    57 | D        | Found a radiant altar of Vehumet.
    57 | D        | Found a corrupted altar of Lugonu.
    57 | D        | Found a roughly hewn altar of Beogh.
    58 | D        | Found a hide-covered altar of Uskayaw.
    58 | D        | Found an ancient bone altar of Kikubaaqudgha.
    58 | D        | Found a broken altar of Ashenzari.
   104 | D        | Noticed an ogre
   104 | D        | Noticed Dowan
   104 | D        | Noticed a wolf
   105 | D        | Noticed Duvessa
   105 | D        | Noticed a wight
   105 | D        | Noticed a wight
   113 | D        | Noticed an iron imp
   117 | D        | Slain by a wolf

Illustrated notes

Levels and vault maps discovered:
D:        pitsprint [storerooms_1, entrance_room_1, metal_vault_6, armoury_1,
          mini_pit_1, grid_room_1, main_hall_1, silver_pit, the_coven_1,
          the_vestibule_1, steel_vault_3, golden_pit, hallway_of_sentries,
          crystal_vault_1, iron_vault_1, final_vault]

Action                     || total
---------------------------++-------
  Melee: War axe           ||     6
    Use: Potion            ||     1
 Armour: Scale mail        ||     3
  Dodge: Dodged            ||     5
  Block: Buckler           ||     1

Table legend: (Time is in decaauts)
 A = Elapsed time spent in this place.
 B = Non-inter-level travel time spent in this place.
 C = Inter-level travel time spent in this place.
 D = Time resting spent in this place.
 E = Time spent auto-exploring this place.
 F = Levels seen in this place.
 G = Mean time per level.
                   A        B        C        D        E       F      G
               +--------+--------+--------+--------+--------+-----+--------+
         Total |    119 |    100 |     19 |      0 |     13 |   1 |  119.0 |
       Dungeon |    119 |    100 |     19 |      0 |     13 |   1 |  119.0 |
               +--------+--------+--------+--------+--------+-----+--------+

Top non-repeatable levels by time:
       D: 119 daAuts
